 Dungeon Sprint DCSS version 0.19-a0-895-gdbd5520 (webtiles) character file.

10 LORDOFBUTT the Ruffian (level 2, 0/31 HPs)
             Began as a Troll Berserker on July 4, 2016.
             Was a Believer of Trog.
             Killed by nerve-wracking pain
             ... invoked by Menkaure
              (11 damage)
             ... in the Dungeon (Sprint II: "The Violet Keep of Menkaure").
             The game lasted 00:00:34 (62 turns).

LORDOFBUTT the Ruffian (Troll Berserker)              Turns: 62, Time: 00:00:34

Health: 0/31       AC:  5    Str: 24    XL:     2   Next: 10%
Magic:  1/1        EV: 10    Int:  3    God:    Trog [**....]
Gold:   243        SH:  0    Dex:  9    Spells: 0 memorised, 1 level left

rFire  . . .     SeeInvis .       - Unarmed
rCold  . . .     Gourm    +     a - +0 animal skin
rNeg   . . .     Faith    .     (no shield)
rPois  .         Spirit   .     (helmet restricted)
rElec  .         Dismiss  .     (no cloak)
rCorr  .         Reflect  .     (gloves unavailable)
SustAt .         Harm     .     (boots unavailable)
MR     .....     NoTele   +     (no amulet)
Stlth  +.........               (no ring)
                                (no ring)

@: not resistant to hostile enchantments, very unstealthy
A: unfitting armour, claws 3, fast metabolism 3, gourmand, regeneration 2,
shaggy fur 1, tough skin 2
a: Berserk, Trog's Hand, Burn Spellbooks, Renounce Religion


You were in the Dungeon.
You worshipped Trog.
Trog was pleased with you.
You were not hungry.

You visited 1 branch You collected 243 gold pieces.

Inventory:

Armour
 a - a +0 animal skin (worn)
Scrolls
 h - a scroll of blinking
Potions
 c - a potion of curing
 d - a potion of heal wounds
 e - a potion of haste
 f - 2 potions of magic
 g - a potion of berserk rage
Comestibles
 b - 2 bread rations


   Skills:
 + Level 3.1 Fighting
 + Level 3.2 Dodging
 + Level 3.8 Unarmed Combat


You had one spell level left.
You didn't know any spells.

Dungeon Overview and Level Annotations

Branches:
Dungeon (1/1)

Altars:

Shops:
D ?[:[(:[[=!%!(%=}

Annotations:
D exclusion: oklob plant, Menkaure


Innate Abilities, Weirdness & Mutations

You are too large for most types of armour.
You have claws for hands.
Your metabolism is lightning-fast.
You like to eat raw meat.
You heal very quickly.
You are covered in fur. (AC +1)
You have very tough skin. (AC +2)


Message History

Found 81 gold pieces.
There is an entrance to Puekoxiv's Jewellery Shoppe here.
Found a glowing chain mail and 81 gold pieces.
Found a ring mail.
Found 16 stones.
There is an entrance to Sumnilomn's Antique Weapon Shoppe here.
Found a scroll labeled LOMOLU EMINY.
There is an entrance to Etasoas's Antique Armour Shoppe here.
There is an entrance to Sumnilomn's Antique Weapon Shoppe here.
There is an entrance to Etasoas's Antique Armour Shoppe here.
Menkaure gestures at you while chanting.
Pain shoots through your body!
There is an entrance to Huom's Magic Scroll Emporium here.
Menkaure gestures at you while chanting.
Pain shoots through your body!
You scratch Menkaure.
Menkaure is lightly damaged.
Menkaure points at you and mumbles some strange words.
Pain shoots through your body!
You die...

############≈≈#++
###########≈≈≈...
##........#≈≈≈≈.#
##....⌠...#≈≈≈≈#
##...∩.∩..#≈≈≈≈#
##..∩.∩.∩.#≈≈##
##.∩.∩.∩.∩#≈##.# #+#
##∩.∩...∩.#≈###.##.##
##.∩@M...∩'≈'.##†.<.+
##∩.......#≈#...##.##
#▓▓▓▓▓▓▓###≈##.###+#
##Hhh######≈≈###
#$HH#E? ##≈≈
#∩P(+.(#+ +#≈
#(.$#[##≈# ≈≈
#[..###§§≈ ≈≈
##+###§≈§≈


You could see an iron elemental, 2 hell hogs, an oklob plant, 3 hippogriffs and
Menkaure.

Vanquished Creatures
  3 worms (D)
3 creatures vanquished.

Notes
Turn   | Place    | Note
-------+----------+-------------------------------------------
     0 | D        | LORDOFBUTT the Troll Berserker began the quest for the Orb.
     0 | D        | Reached XP level 1. HP: 22/22 MP: 0/0
    16 | D        | Reached ** piety under Trog
    22 | D        | Reached XP level 2. HP: 23/31 MP: 1/1
    37 | D        | Found Jet Bapn's Food Shoppe.
    37 | D        | Found Pukhuext's Jewellery Shoppe.
    37 | D        | Found Sahochi's Distillery.
    37 | D        | Found Buprarph's Antique Weapon Emporium.
    37 | D        | Found Coaloon's Distillery.
    37 | D        | Found Marur's Food Shoppe.
    38 | D        | Found Puekoxiv's Jewellery Shoppe.
    38 | D        | Found Pipn's Antique Armour Emporium.
    39 | D        | Found Esoedd's Antique Armour Shoppe.
    39 | D        | Found Wuume's Book Emporium.
    39 | D        | Noticed a hell hog
    40 | D        | Found Cocix's Gadget Emporium.
    41 | D        | Found Sumnilomn's Antique Weapon Shoppe.
    41 | D        | Found Orhug's Armour Emporium.
    41 | D        | Noticed Menkaure
    41 | D        | Noticed a hell hog
    41 | D        | Noticed an oklob plant
    42 | D        | Found Huom's Magic Scroll Emporium.
    42 | D        | Found Etasoas's Antique Armour Shoppe.
    42 | D        | Found Izaruwidgh's Book Shoppe.
    42 | D        | Noticed a hippogriff
    43 | D        | Noticed a hippogriff
    46 | D        | Noticed an iron elemental
    46 | D        | Noticed a hippogriff
    62 | D        | Killed from afar by Menkaure

Vault maps used:
D:        the_violet_keep_of_menkaure

Skill      XL: |  1 |
---------------+----+-----
Fighting       | 3 |  3.1
Dodging        | 3 |  3.2
Unarmed Combat | |  3.8

Action                   || total
-------------------------++-------
Melee: Unarmed           ||    17
Dodge: Dodged            ||     6
